 Dungeon Crawl Stone Soup version 0.28-a0-1555-g9ae15a6949 (webtiles) character file.

Game seed: 18142002786358048042

41 HallandMoats the Skirmisher (level 3, 0/31 HPs)
             Began as a Ghoul Monk on Jan 18, 2022.
             Was a Believer of Vehumet.
             Slain by a hobgoblin (2 damage)
             ... on level 2 of the Dungeon.
             The game lasted 00:01:45 (1028 turns).

HallandMoats the Skirmisher (Ghoul Monk)            Turns: 1028, Time: 00:01:46

Health: 0/31       AC:  6    Str: 16    XL:     3   Next: 52%
Magic:  2/2        EV: 12    Int:  5    God:    Vehumet [**....]
Gold:   60         SH:  0    Dex: 11    Spells: 2/2 levels left

rFire   . . .      SeeInvis .   c - +2 dagger (venom)
rCold   + + .      Faith    .   (no shield)
rNeg    + + +      Spirit   .   e - +0 leather armour {rC+}
rPois   ∞          Reflect  .   (no helmet)
rElec   .          Harm     .   (no cloak)
rCorr   .          Rampage  .   d - +2 pair of gloves
Will    .....                   (no boots)
Stlth   ++........              (no amulet)
HPRegen 0.00/turn               (no ring)
MPRegen 0.08/turn               (no ring)

@: inhibited regen
A: claws 1, cold resistance 1, negative energy resistance 3, inhibited
regeneration, torment resistance 2
a: Renounce Religion


You were on level 2 of the Dungeon.
You worshipped Vehumet.
Vehumet was pleased with you.
You visited 1 branch of the dungeon, and saw 2 of its levels.

You collected 60 gold pieces.

Inventory:

Hand Weapons
 c - a +2 dagger of venom (weapon)
Armour
 d - a +2 pair of gloves (worn)
 e - a +0 leather armour of cold resistance (worn)
Scrolls
 a - a scroll of holy word {unknown}
 b - a scroll of identify {unknown}


   Skills:
 + Level 3.6 Fighting
 * Level 1.5 Axes
 + Level 0.9 Armour
 + Level 3.0 Dodging
 - Level 2.1 Stealth
 - Level 3.2 Unarmed Combat


You had 2 spell levels left.
You didn't know any spells.
Your spell library was empty.

Dungeon Overview and Level Annotations

Branches:
Dungeon (2/15)

Altars:
Vehumet


Innate Abilities, Weirdness & Mutations

You thrive by killing the living.
You are immune to poison.
You have sharp fingernails.
Your flesh is cold resistant. (rC+)
You are immune to negative energy. (rN+++)
You do not regenerate when monsters are visible.
You are immune to unholy pain and torment.


Message History

The hobgoblin misses you. The hobgoblin barely misses you.
The hobgoblin completely misses you. The hobgoblin hits you.
* * * LOW HITPOINT WARNING * * *
The hobgoblin closely misses you. The hobgoblin barely misses you.
The hobgoblin hits you but does no damage.
The hobgoblin hits you but does no damage.
The hobgoblin hits you but does no damage.
The hobgoblin misses you.
The hobgoblin hits you but does no damage.
The hobgoblin barely misses you. The hobgoblin misses you.
The hobgoblin hits you but does no damage.
The hobgoblin hits you but does no damage.
The hobgoblin hits you.
* * * LOW HITPOINT WARNING * * *
The hobgoblin misses you. The hobgoblin closely misses you.
The hobgoblin completely misses you. The hobgoblin hits you.
* * * LOW HITPOINT WARNING * * *
The hobgoblin barely misses you. The hobgoblin barely misses you.
The hobgoblin barely misses you.
The hobgoblin hits you but does no damage.
The hobgoblin closely misses you. The hobgoblin hits you.
* * * LOW HITPOINT WARNING * * *
The hobgoblin hits you but does no damage.
The hobgoblin closely misses you.
The hobgoblin hits you but does no damage.
The hobgoblin barely misses you. The hobgoblin closely misses you.
The hobgoblin closely misses you. The hobgoblin misses you.
The hobgoblin completely misses you. The hobgoblin hits you.
You die...

.... .#....
#.#.####.....#
...........#
#.......... #
#>#......##..
#............
##...........
#....@g......
#..#.<........
#..>.......
...^.$....##
....#.....###
##.###.#####
#.. ... ...
..: .. ###


You could see a hobgoblin.

Vanquished Creatures
  A dart slug (D:1)
  3 ball pythons (D:1)
  2 bats (D:1)
  5 endoplasms (D:1)
  6 giant cockroaches (D:1)
  2 goblins (D:1)
  5 hobgoblins (D:1)
  A quokka (D:1)
  2 frilled lizards (D:1)
  3 kobolds (D:1)
  4 rats (D:1)
34 creatures vanquished.

Notes
Turn   | Place    | Note
-------+----------+-------------------------------------------
     0 | D:1      | HallandMoats the Ghoul Monk began the quest for the Orb.
     0 | D:1      | Reached XP level 1. HP: 19/19 MP: 0/0
   101 | D:1      | Reached XP level 2. HP: 26/26 MP: 1/1
   132 | D:1      | Reached skill level 1 in Axes
   371 | D:1      | Reached XP level 3. HP: 31/31 MP: 2/2
   749 | D:1      | Found a faded altar of an unknown god.
   751 | D:1      | Prayed at the altar of an unknown god.
   751 | D:1      | Became a worshipper of Vehumet
   751 | D:1      | Reached * piety under Vehumet
   751 | D:1      | Offered knowledge of Freeze by Vehumet.
   751 | D:1      | Reached ** piety under Vehumet
  1028 | D:2      | Slain by a hobgoblin

Illustrated notes

Levels and vault maps discovered:
D:1:      grunt_arrival_crossed_arrows, layout_loops_cross,
          shapermc_ecumenical_altar_venn, minmay_worlds_worst_comb
D:2:      layout_rooms, basic_altar

Skill      XL: |  1  2  3 |
---------------+----------+-----
Axes           | 1 |  1.5
Dodging        | 3 |  3.0
Fighting       | |  3.6
Armour         | |  0.9
Stealth        | |  2.1
Unarmed Combat | |  3.2

Action                   || total
-------------------------++-------
Melee: Unarmed           ||    20
       Punch             ||     2
       Dagger            ||    68
 Stab: Sleeping          ||     4
Armor: Robe              ||    13
       Leather armour    ||    38
Dodge: Dodged            ||   129

Table legend: (Time is in decaauts)
 A = Elapsed time spent in this place.
 B = Non-inter-level travel time spent in this place.
 C = Inter-level travel time spent in this place.
 D = Time resting spent in this place.
 E = Time spent auto-exploring this place.
 F = Levels seen in this place.
 G = Mean time per level.
                   A        B        C        D        E       F      G
               +--------+--------+--------+--------+--------+-----+--------+
         Total |   1026 |    995 |     31 |      0 |    650 |   2 |  513.0 |
       Dungeon |   1026 |    995 |     31 |      0 |    650 |   2 |  513.0 |
               +--------+--------+--------+--------+--------+-----+--------+

Top non-repeatable levels by time:
     D:1: 900 daAuts
     D:2: 125 daAuts
